 Dungeon Crawl Stone Soup version 0.31-a0-844-gdc52ec4e09 (webtiles) character file.

Game seed: 12727608534446498615

585 lonewolfV2 the Chopper (level 7, -11/55 HPs)
             Began as a Formicid Fighter on Sept 29, 2023.
             Was an Initiate of Gozag.
             Mangled by an ogre
             ... wielding a +0 giant spiked club
              (14 damage)
             ... on level 5 of the Dungeon.
             The game lasted 00:04:42 (3950 turns).

lonewolfV2 the Chopper (Formicid Fighter)           Turns: 3950, Time: 00:04:43

Health: -11/55     AC:  7    Str: 23    XL:     7   Next: 64%
Magic:  7/7        EV: 10    Int:  7    God:    Gozag
Gold:   264        SH:  6    Dex: 13    Spells: 6/6 levels left

rFire   . . .        a - +0 war axe
rCold   . . .        c - +1 buckler
rNeg    . . .        b - +0 scale mail
rPois   .            (helmet unavailable)
rElec   .            (no cloak)
rCorr   .            (no gloves)
SInv    +            (no boots)
Will    .....        (no amulet) Stlth
                     (no ring)
HPRegen 0.29/turn    (no ring)
MPRegen 0.10/turn

%: no passive effects
@: mighty, gold aura
A: permanent stasis, dig shafts and tunnels, antennae 3, four strong arms
a: Dig, Shaft Self, Renounce Religion, Potion Petition, Call Merchant, Bribe
Branch


You were on level 5 of the Dungeon.
You worshipped Gozag.
Gozag was aware of your devotion.
You visited 1 branch of the dungeon, and saw 5 of its levels.

You collected 291 gold pieces.
You paid 27 gold pieces to Gozag.

Inventory:

Hand Weapons
 a - a +0 war axe (weapon)
Armour
 b - a +0 scale mail (worn)
 c - a +1 buckler (worn)
Wands
 m - a wand of digging (2)
Scrolls
 e - 2 scrolls of identify
 i - 3 scrolls of amnesia
 o - a scroll of acquirement {unknown}
Potions
 d - 3 potions of might
 f - a potion of lignification {unknown}
 g - 2 potions of berserk rage
 j - a potion of cancellation {unknown}
 k - a potion of curing
 l - a potion of ambrosia {unknown}
 n - a potion of enlightenment {unknown}


   Skills:
 + Level 4.5 Fighting
 + Level 5.4 Axes
 + Level 4.9 Armour
 + Level 1.5 Dodging
 + Level 1.2 Stealth
 + Level 5.3 Shields


You had 6 spell levels left.
You didn't know any spells.
Your spell library contained the following spells:

 Spells                   Type           Power      Damage    Failure   Level
 Sandblast                Erth           0%         2d4       80%         1
 Passwall                 Tmut/Erth      0%         N/A       90%         2
 Stone Arrow              Conj/Erth      0%         3d7       99%         3
 Brom's Barrelling Bould  Conj/Erth      0%         2d3       100%        4


Dungeon Overview and Level Annotations

Branches:
Dungeon (5/15)
 Temple: D:4-7

Altars:
Dithmenos
Elyvilon
Gozag
Okawaru
Uskayaw
Zin


Innate Abilities, Weirdness & Mutations

You cannot be hasted, slowed, berserked, paralysed or teleported.
You can dig through walls and to a lower floor.
You have a pair of large antennae on your head. (SInv)
Your four strong arms can wield two-handed weapons with a shield.


Message History

Menkaure hits you.
You slash the gnoll sergeant!
The gnoll sergeant is severely wounded.
You slash Menkaure! Menkaure hits you!!
* * * LOW HITPOINT WARNING * * *
The gnoll sergeant hits you with a +0 spear.
* * * LOW HITPOINT WARNING * * *
You feel much better.
Menkaure points at you and mumbles some strange words.
Pain shoots through your body!
The gnoll sergeant hits you but does no damage.
You slash Menkaure!
Menkaure is severely damaged.
You closely miss the gnoll sergeant. Menkaure misses you.
The gnoll sergeant closely misses you.
Menkaure gestures at you while chanting.
Pain shoots through your body!
You slice Menkaure!!
You destroy Menkaure!
You slash the gnoll sergeant! The gnoll sergeant closely misses you.
The gnoll sergeant hits you with a +0 spear.
Your Axes skill increases to level 5!
You barely miss the gnoll sergeant.
The gnoll sergeant is almost dead.
You hit the ogre. You block the ogre's attack.
The gnoll sergeant hits you with a +0 spear.
* * * LOW HITPOINT WARNING * * *
You feel better.
The gnoll sergeant hits you with a +0 spear.
You barely miss the ogre.
The ogre is lightly wounded.
You slash the gnoll sergeant!
You kill the gnoll sergeant!
The ogre hits you with a +0 giant spiked club!!
* * * LOW HITPOINT WARNING * * *
You barely miss the ogre.
The ogre is lightly wounded.
The ogre hits you with a +0 giant spiked club!
You die...
Your body crumbles into a pile of gold.

# #., #.., #...##
####### #>...O###
#.....# , #..$@$#
#.....#
#..<#$#$######.....#
## #.#.....##.<...#
#.#####.##..)..# #.
#.###'#### #. #.#
#)# #! #.###)## #.
#......# ########


You could see an ogre.

Vanquished Creatures
  Menkaure (D:5)
  A gnoll sergeant (D:5)
  A scorpion (D:5)
  2 orc priests (D:5)
  2 hounds (D:4)
  A sleepcap (D:5)
  2 orc wizards
  5 adders
  An ufetubus (D:4)
  A worm (D:4)
  2 dart slugs
  13 orcs
  5 ball pythons
  5 endoplasms
  3 giant cockroaches
  5 hobgoblins
  7 jackals
  3 quokkas
  2 bats
  8 frilled lizards
  6 goblins
  7 kobolds
  4 rats
87 creatures vanquished.

Notes
Turn   | Place    | Note
-------+----------+-------------------------------------------
     0 | D:1      | lonewolfV2 the Formicid Fighter began the quest for the
                  | Orb.
     0 | D:1      | Reached XP level 1. HP: 18/18 MP: 1/1
   162 | D:1      | Reached XP level 2. HP: 23/24 MP: 2/2
   349 | D:1      | Reached XP level 3. HP: 29/29 MP: 3/3
  1446 | D:3      | Found a white marble altar of Elyvilon.
  1476 | D:3      | Reached XP level 4. HP: 35/35 MP: 4/4
  1524 | D:3      | Found a glowing silver altar of Zin.
  1889 | D:3      | Found an opulent altar of Gozag.
  2122 | D:3      | Found a shadowy altar of Dithmenos.
  2543 | D:3      | Became a worshipper of Gozag Ym Sagoz the Greedy
  2564 | D:4      | Reached XP level 5. HP: 37/42 MP: 5/5
  2860 | D:4      | Reached skill level 1 in Dodging
  2860 | D:4      | Reached XP level 6. HP: 39/48 MP: 6/6
  3373 | D:4      | Found a hide-covered altar of Uskayaw.
  3373 | D:4      | Found an iron altar of Okawaru.
  3499 | D:5      | Entered Level 5 of the Dungeon
  3507 | D:5      | Reached skill level 5 in Shields
  3933 | D:5      | Reached skill level 1 in Stealth
  3933 | D:5      | Reached XP level 7. HP: 41/54 MP: 7/7
  3936 | D:5      | Noticed Menkaure
  3946 | D:5      | Killed Menkaure
  3947 | D:5      | Reached skill level 5 in Axes
  3950 | D:5      | Mangled by an ogre

Illustrated notes

Levels and vault maps discovered:
D:1:      saegor_arrival_simple_d, layout_basic
D:2:      layout_loops_corners
D:3:      layout_basic, general_overflow_altar, elyvilon_altar_5,
          mainiacjoe_overflow_alcove_1, zin_academy, kennysheep_cross_room
D:4:      cheibrodos_helix_gallery, layout_cave_pools,
          gammafunk_temple_overflow_pools, hex_medium
D:5:      minmay_recursive_quarters, layout_basic,
          minmay_fractal_squares_gapless_5, uniq_duvessa, uniq_ijyb,
          uniq_menkaure

Skill      XL: |  1  2  3  4  5  6  7 |
---------------+----------------------+-----
Axes           | 3 4 5 |  5.4
Armour         | 4 |  4.9
Dodging        | 1 |  1.5
Fighting       | 4 |  4.5
Shields        | 5 |  5.3
Stealth        | 1 |  1.2

Action                     |  1- 3 |  4- 6 |  7- 9 || total
---------------------------+-------+-------+-------++-------
  Melee: War axe           |    89 |   134 |    13 ||   236
Ability: Dig               |     4 |     1 |       ||     5
    Use: Scroll            |     4 |     5 |       ||     9
         Potion            |       |       |     4 ||     4
   Stab: Distracted        |       |     1 |       ||     1
 Armour: Scale mail        |    58 |   124 |    14 ||   196
  Dodge: Dodged            |    48 |    72 |     8 ||   128
  Block: Buckler           |    23 |    47 |     3 ||    73

Table legend: (Time is in decaauts)
 A = Elapsed time spent in this place.
 B = Non-inter-level travel time spent in this place.
 C = Inter-level travel time spent in this place.
 D = Time resting spent in this place.
 E = Time spent auto-exploring this place.
 F = Levels seen in this place.
 G = Mean time per level.
                   A        B        C        D        E       F      G
               +--------+--------+--------+--------+--------+-----+--------+
         Total |   4034 |   3897 |    137 |    532 |   2521 |   5 |  806.8 |
       Dungeon |   4034 |   3897 |    137 |    532 |   2521 |   5 |  806.8 |
               +--------+--------+--------+--------+--------+-----+--------+

Top non-repeatable levels by time:
     D:3: 1134 daAuts
     D:4: 956 daAuts
     D:1: 743 daAuts
     D:2: 734 daAuts
     D:5: 464 daAuts
